AoeStats
← jfdsago

Fortress

510723461Analyzed
1v1 RM · 1d ago on Oct 2, 2026· 57m 1s· 2 players
Game mode
Random Map
Map size
Small (3 player)
Population
200
Speed
Normal
Resources
Standard
Victory
Conquest
Starting age
Dark Age
Ending age
Imperial Age
RankedLock teamsTeams togetherTeam positionsShared explorationLock speedFull tech treeHidden civsTurbo modeCheats
Victory
Defeat
🇹🇼 Inca · Taiwan
718
+30
🇹🇷 Mongols · Türkiye
666
-14
Wildcat
6:07 Feudal Age
6:42 Double-Bit Axe
6:52 Horse Collar
7:58 Loom
15:07 Castle Age
13:45 Fletching
14:51 Padded Archer Armor
15:24 Crossbowman
19:18 Bodkin Arrow
21:16 Bow Saw
23:18 Gold Mining
24:47 Leather Archer Armor
29:47 Imperial Age
30:37 Scale Barding Armor
31:34 Husbandry
33:31 Heavy Plow
32:59 Heavy Camel Rider
34:09 Ballistics
35:40 Murder Holes
39:21 Wheelbarrow
39:33 Forging
40:06 Fortified Wall
41:41 Chain Barding Armor
43:25 Chemistry
43:56 Masonry
45:24 Thumb Ring
46:26 Onager
46:45 Elite Steppe Lancer
47:50 Arbalester
51:27 Bracer
55:01 Gold Shaft Mining
jfdsago
6:30 Loom
9:44 Feudal Age
13:29 Castle Age
11:28 Double-Bit Axe
11:28 Horse Collar
14:33 Heavy Plow
14:48 Bow Saw
17:30 Heavy Plow
23:17 Fletching
23:24 Elite Skirmisher
25:33 Wheelbarrow
25:57 Champi Runner
26:37 Squires
26:23 Arson
26:27 Town Watch
27:21 Bodkin Arrow
28:23 Padded Archer Armor
28:02 Champi Warrior
32:35 Andean Sling
35:22 Imperial Age
33:57 Scale Mail Armor
34:29 Gold Mining
35:01 Chain Mail Armor
34:45 Stone Mining
35:01 Heavy Plow
35:51 Forging
36:00 Leather Archer Armor
36:33 Guilds
36:48 Conscription
36:36 Andean Sling
36:49 Elite Kamayuk
39:12 Bracer
39:42 Ring Archer Armor
41:20 Gold Shaft Mining
41:24 Crop Rotation
41:30 Stone Shaft Mining
44:36 Ballistics
45:17 Chemistry
44:33 Fortified Wall
44:29 Siege Engineers
44:35 Masonry
44:06 Treadmill Crane
44:24 Murder Holes
44:19 Arrowslits
45:25 Pikeman
46:28 Fabric Shields
48:09 Iron Casting
48:18 Plate Mail Armor
48:31 Hoardings
Connection lost

Rejoining the realm…

Still unreachable

The connection could not be restored.

Session expired

The server has moved on; the page needs a fresh start.